Map: Bel'Shir Vestige LE (Void)

Players

Musumeci - Winner!

  • Race: Zerg Zerg
  • League: Diamond
  • Spawn Location: 5:00

MichyMoko

  • Race: Zerg Zerg
  • Spawn Location: 11:00

VOD

Have the link to the VOD?

Description

Time

  • Played on: March 26, 2017, 11:53 a.m.
  • Length: 9:52
Show
View Real Time Build Order
Export as new Build Order

Musumeci Zerg - Winner!

Build Orders: Hatch First 

Get SALT Encoding   

  12  0:06  Drone  
  13  0:08  Drone  
  14  0:17  Overlord  
  14  0:26  Extractor  
  14  0:27  Drone  
  15  0:37  Drone  
  15  0:41  Drone  
  17  0:55  Hatchery  
  16  1:02  Drone  
  17  1:11  Spawning Pool  
  17  1:13  Extractor  
  17  1:16  Drone  
  16  1:19  Drone  
  16  1:23  Drone  
  18  1:32  Drone  
  19  1:43  Drone  
  20  1:53  Overlord  
  20  1:58  Queen  
  22  2:07  Zergling x2  
  22  2:08  Queen  
  25  2:18  Drone x2  
  25  2:20  Metabolic Boost  
  25  2:22  Drone  
  28  2:26  Drone  
  28  2:28  Drone  
  30  2:35  Baneling Nest  
  29  2:39  Queen  
  31  2:44  Overlord  
  31  2:57  Zergling x4  
  31  2:58  Zergling x2  
  33  3:10  Drone x2  
  33  3:11  Drone  
  36  3:13  Zergling x2  
  36  3:14  Overlord  
  37  3:21  Drone  
  37  3:22  Drone x4  
  37  3:26  Baneling x2  
  42  3:46  Hatchery  
  41  4:08  Baneling x2  
  41  4:16  Lair  
  41  4:18  Drone x10, Extractor  
  41  4:19  Roach Warren  
  41  4:21  Extractor  
  47  4:49  Zergling x2  
  47  4:50  Zergling x6  
  51  5:01  Overlord x2  
  51  5:04  Drone x2  
  51  5:05  Drone  
  51  5:06  Roach, Evolution Chamber  
  57  5:07  Roach  
  57  5:21  Glial Reconstitution  
  57  5:24  Overlord x6  
  57  5:36  Overseer  
  59  5:50  Roach x8  
  72  6:26  Roach x11  
  94  6:34  Drone x3  
  94  6:36  Extractor  
  96  6:46  Roach  
  96  6:47  Roach x2  
  102  6:48  Zerg Missile Weapons Level 1  
  102  6:51  Drone x2, Extractor  
  103  6:54  Evolution Chamber  
  103  6:59  Drone x3  
  105  7:08  Overlord x7  
  105  7:21  Drone  
  106  7:27  Roach  
  106  7:28  Roach x4  
  116  7:34  Zergling x2  
  117  7:37  Roach  
  117  7:38  Roach x5  
  129  7:51  Baneling x6  
  114  8:24  Roach x8  
  114  8:25  Roach x6  
  107  8:51  Roach x7  
  111  9:09  Hydralisk Den  
  102  9:13  Queen  
  102  9:14  Drone  
  102  9:15  Drone x5  
  102  9:16  Spore Crawler  
  107  9:18  Spore Crawler  
  107  9:19  Spore Crawler  
  107  9:20  Spore Crawler x2  
  107  9:22  Spore Crawler  
  94  9:42  Spore Crawler  
Show
View Real Time Build Order
Export as new Build Order

MichyMoko Zerg 

Build Orders: Pool First 

Get SALT Encoding   

  12  0:01  Drone  
  13  0:12  Overlord  
  13  0:20  Drone  
  14  0:32  Drone  
  14  0:33  Drone  
  16  0:37  Drone  
  17  0:46  Spawning Pool  
  17  0:49  Drone  
  17  0:52  Extractor  
  16  1:01  Drone  
  17  1:18  Hatchery  
  16  1:29  Drone x2  
  16  1:30  Drone  
  19  1:39  Queen  
  19  1:46  Overlord  
  21  1:57  Zergling x2  
  22  2:05  Drone  
  23  2:11  Metabolic Boost  
  23  2:13  Drone  
  24  2:20  Queen  
  26  2:27  Zergling x2  
  27  2:30  Queen  
  29  2:44  Drone x2, Roach Warren  
  29  2:49  Drone  
  31  3:12  Overlord  
  31  3:13  Drone x2  
  31  3:14  Drone  
  31  3:18  Overlord  
  31  3:19  Drone x2  
  36  3:39  Zergling x6  
  43  3:41  Roach x4  
  47  3:51  Roach x2  
  47  3:53  Overlord x2  
  51  4:04  Extractor  
  51  4:06  Evolution Chamber  
  51  4:07  Lair  
  49  4:18  Ravager  
  50  4:28  Roach  
  52  4:39  Drone x12  
  52  4:41  Evolution Chamber  
  52  4:45  Extractor  
  62  4:47  Extractor  
  61  5:03  Ravager x2  
  63  5:32  Zerg Missile Weapons Level 1  
  63  5:47  Zerg Ground Armor Level 1  
  63  5:48  Roach  
  63  5:49  Roach  
  67  5:51  Unknown  
  67  5:52  Zergling x2  
  67  5:53  Overlord  
  67  5:54  Overlord x5  
  68  6:06  Glial Reconstitution  
  68  6:20  Ravager  
  68  6:21  Ravager x2  
  67  6:27  Roach x2  
  67  6:28  Roach  
  67  6:29  Zergling x2  
  67  6:30  Zergling x12  
  80  6:47  Zergling x10  
  85  7:00  Ravager x2  
  85  7:01  Ravager x2  
  89  7:02  Hatchery  
  88  7:14  Overlord x2  
  88  7:21  Spire  
  87  7:36  Roach  
  89  7:37  Roach x7  
  89  7:42  Drone x3  
  88  8:20  Roach x10  
  88  8:22  Zergling x2  
  88  8:26  Roach x2  
  70  8:36  Mutalisk x2  
  57  8:47  Mutalisk x2  
  35  9:16  Hatchery  
  29  9:23  Mutalisk  
Tags
 
Add a new tag
Caveats
  • Supply blocks, unpowered buildings, or Contaminate may cause inaccurate times.
  • Supply counts are checked every 10 seconds.